 Dungeon Crawl Stone Soup version 0.21.1-1-g345015fe64 (webtiles) character file.

10068 KrisztiCat the Bludgeoner (level 11, -1/99 HPs)
             Began as a Minotaur Berserker on June 20, 2018.
             Was an Elder of Trog.
             Slain by an Executioner (11 damage)
             ... on level 2 of the Abyss.
             The game lasted 00:43:17 (7898 turns).

KrisztiCat the Bludgeoner (Minotaur Berserker)      Turns: 7898, Time: 00:43:18

Health: -1/99      AC: 17    Str: 23    XL:     11   Next: 31%
Magic:  20/20      EV:  8    Int:  6    God:    Trog [****..]
Gold:   425        SH:  0    Dex: 10    Spells: 12/12 levels left

rFire    . . .     SeeInvis .   a - +1 eveningstar
rCold    . . .     Gourm    .   (no shield)
rNeg     . . .     Faith    +   n - +0 plate armour
rPois    +         Spirit   .   (helmet restricted)
rElec    .         Reflect  .   o - +0 cloak
rCorr    .         Harm     .   m - +1 pair of gloves
MR       .....                  (no boots)
Stlth    ..........             r - amulet of faith
HPRegen  0.26/turn              j - ring of poison resistance
MPRegen  0.17/turn              x - ring of magical power (curse)

@: no status effects
A: retaliatory headbutt, horns 2, MP-powered wands
a: Berserk, Trog's Hand, Brothers in Arms, Burn Spellbooks, Renounce Religion


You were on level 2 of the Abyss.
You worshipped Trog.
Trog was greatly pleased with you.
You were hungry.

You visited 2 branches of the dungeon, and saw 11 of its levels.
You visited the Abyss 1 time.

You collected 773 gold pieces.
You spent 348 gold pieces at shops.

Inventory:

Hand Weapons
 a - a +1 eveningstar (weapon)
 p - a +2 flail of protection
 F - a +1 antimagic great mace
Armour
 m - a +1 pair of gloves (worn)
 n - a +0 plate armour (worn)
 o - a +0 cloak (worn)
 v - the +2 leather armour "Poymuakk" {rPois rC- Dex+8}
   (You found it on level 5 of the Dungeon)

   It affects your dexterity (+8).
   It makes you vulnerable to cold.
   It protects you from poison.
Jewellery
 j - a ring of poison resistance (left hand)
 r - an amulet of faith (around neck)
 x - a cursed ring of magical power (right hand)
Wands
 B - a wand of random effects (35)
 D - a wand of digging (14)
Scrolls
 d - 4 scrolls of identify
 h - a scroll of blinking {unknown}
 q - 5 scrolls of remove curse
 u - 4 scrolls of teleportation
 z - a scroll of magic mapping
 C - 2 scrolls of enchant armour
 E - a scroll of enchant weapon
Potions
 b - a potion of magic {unknown}
 e - 6 potions of curing
 f - 3 potions of ambrosia {unknown}
 g - 5 potions of agility
 i - 2 potions of flight
 l - 2 potions of lignification
 t - a potion of degeneration {unknown}
 w - a potion of resistance {unknown}
Comestibles
 c - 23 rations
 A - 2 chunks of flesh


   Skills:
 + Level 10.1 Fighting
 - Level 16.0 Maces & Flails
 + Level 1.5 Throwing
 + Level 8.3 Armour
 + Level 3.0 Dodging
 + Level 0.2 Stealth
 + Level 1.7 Unarmed Combat
 + Level 1.0 Spellcasting
 + Level 1.3 Evocations


You had 12 spell levels left.
You didn't know any spells.

Dungeon Overview and Level Annotations

Branches:
Dungeon (10/15)            Temple (1/1) D:4            Lair (0/6) D:10
    Orc: D:9-12

Altars:
Ashenzari
Cheibriados
Dithmenos
Elyvilon
Fedhas
Gozag
Hepliaklqana
Kikubaaqudgha
Makhleb
Nemelex Xobeh
Okawaru
Qazlal
Ru
Sif Muna
Trog
Uskayaw
Vehumet
Wu Jian
Xom
Yredelemnul
Zin
The Shining One

Shops:
D:5 *   D:6 *!=(!   D:7 *=

Annotations:
D:10 Revguard's ghost, novice SpAs


Innate Abilities, Weirdness & Mutations

You reflexively headbutt those who attack you in melee.
You have a pair of horns on your head.
You expend magic power (3 MP) to strengthen your wands.


Message History

The Executioner hits you.
The Executioner hits you but does no damage.
The Executioner closely misses you.
The Executioner hits you but does no damage.
The Executioner hits you but does no damage.
The Executioner closely misses you. x2
Your two-headed ogre closely misses the Executioner.
Your two-headed ogre hits the Executioner with a giant club!
The Executioner hits you!!
* * * LOW HITPOINT WARNING * * *
The Executioner hits you but does no damage.
The Executioner completely misses you. The Executioner closely misses you.
The Executioner hits you but does no damage. x2
The Executioner hits you.
* * * LOW HITPOINT WARNING * * *
The Executioner hits you but does no damage.
The Executioner barely misses you. The Executioner hits you!
You die...

. #...G### # #..
#.. .##### ## #.
..###.##....# ..##
##.#G#.......###...
. #.#...#..###...#
. .
..##.#..#O#..##..
##....#.#..# #..#
.#......1##...#..
....#..#.#@..# #
....#...####.#
.#..### ##


You could see an Executioner.

Vanquished Creatures
  2 two-headed ogres
  Pikel (D:9)
  A centaur zombie (D:10)
  A gargoyle (D:10)
  A troll (D:9)
  A hornet (D:9)
  A hippogriff (D:10)
  7 yaks
  Sigmund (D:3)
  Eustachio (D:4)
  A hungry ghost (D:7)
  A porcupine (D:10)
  2 soldier ants (D:9)
  Duvessa (D:4)
  4 sky beasts
  4 ice beasts
  5 orc warriors
  4 phantoms
  4 ogres
  A black bear (D:7)
  3 centaurs
  2 crocodiles (D:10)
  A big kobold (D:7)
  6 bullfrogs
  A gnoll sergeant (D:7)
  Dowan (D:4)
  A wyvern skeleton (D:8)
  7 scorpions
  A water moccasin skeleton (D:6)
  5 killer bees (D:7)
  5 wights (D:9)
  A crimson imp (D:6)
  3 bullfrog zombies
  3 howler monkeys
  3 orc priests
  Crazy Yiuf (D:2)
  A centaur skeleton (D:6)
  5 hounds
  A bullfrog skeleton (D:8)
  3 iguanas
  8 worker ants
  4 orc wizards
  A howler monkey zombie (D:6)
  11 gnolls
  20 adders
  3 howler monkey skeletons
  2 shadow imps (D:10)
  An ooze (D:2)
  2 adder zombies
  An adder skeleton (D:5)
  4 worms
  A dart slug (D:3)
  3 leopard geckos
  21 orcs
  6 giant cockroaches
  11 goblins
  7 hobgoblins
  13 jackals
  3 quokkas
  A ball python (D:6)
  11 bats
  6 frilled lizards
  17 kobolds
  6 rats
  A fungus (D:4)
262 creatures vanquished.

Vanquished Creatures (others)
  A jelly (D:9)
  A fungus (D:10)
2 creatures vanquished.

Grand Total: 264 creatures vanquished

Notes
Turn   | Place    | Note
-------+----------+-------------------------------------------
     0 | D:1      | KrisztiCat the Minotaur Berserker began the quest for the Orb.
     0 | D:1      | Reached XP level 1. HP: 19/19 MP: 0/0
   272 | D:1      | Reached XP level 2. HP: 26/27 MP: 1/1
   293 | D:1      | Reached skill level 4 in Maces & Flails
   742 | D:2      | Noticed an earth elemental
   744 | D:2      | Found a stormy altar of Qazlal.
   746 | D:2      | Noticed an air elemental
   746 | D:2      | Noticed a water elemental
   746 | D:2      | Noticed a fire elemental
   964 | D:2      | Reached XP level 3. HP: 29/33 MP: 2/2
  1105 | D:2      | Reached ** piety under Trog
  1511 | D:2      | Reached skill level 5 in Maces & Flails
  1511 | D:2      | Reached XP level 4. HP: 23/40 MP: 3/3
  1761 | D:2      | Found a runed door.
  1765 | D:2      | Noticed Crazy Yiuf
  1772 | D:2      | Killed Crazy Yiuf
  2130 | D:3      | Noticed Sigmund
  2135 | D:3      | Killed Sigmund
  2135 | D:3      | Reached skill level 7 in Maces & Flails
  2135 | D:3      | Reached XP level 5. HP: 46/46 MP: 4/4
  2150 | D:3      | Reached XP level 6. HP: 39/52 MP: 5/5
  2173 | D:3      | Reached skill level 8 in Maces & Flails
  2478 | D:3      | Found a snail-covered altar of Cheibriados.
  2637 | D:3      | Found a deep blue altar of Sif Muna.
  2637 | D:3      | Found a sparkling altar of Nemelex Xobeh.
  2656 | D:3      | Found a white marble altar of Elyvilon.
  2836 | D:3      | Reached skill level 9 in Maces & Flails
  2836 | D:3      | Reached XP level 7. HP: 57/59 MP: 6/6
  2883 | D:3      | Found a radiant altar of Vehumet.
  2883 | D:3      | Found a burning altar of Makhleb.
  2932 | D:4      | Noticed Eustachio
  2937 | D:4      | Killed Eustachio
  3116 | D:4      | Reached *** piety under Trog
  3120 | D:4      | Reached skill level 10 in Maces & Flails
  3145 | D:4      | Noticed Dowan
  3145 | D:4      | Noticed Duvessa
  3153 | D:4      | Killed Duvessa
  3158 | D:4      | Killed Dowan
  3378 | D:4      | Found a staircase to the Ecumenical Temple.
  3382 | D:3      | Found an ancient bone altar of Kikubaaqudgha.
  3399 | Temple   | Entered the Ecumenical Temple
  3728 | D:5      | Entered Level 5 of the Dungeon
  3743 | D:5      | Reached skill level 11 in Maces & Flails
  3785 | D:5      | Reached XP level 8. HP: 55/66 MP: 7/7
  3835 | D:5      | Got an encrusted leather armour
  3848 | D:5      | Identified the +2 leather armour "Poymuakk" {rPois rC- Dex+8} (You found it on level 5 of the Dungeon)
  3989 | D:5      | Found Bioz's Assorted Antiques.
  3992 | D:5      | Bought a scroll of identify for 66 gold pieces
  3992 | D:5      | Bought a peridot ring for 165 gold pieces
  4130 | D:5      | Reached skill level 12 in Maces & Flails
  4252 | D:6      | Found Ubigamyu's Distillery.
  4254 | D:6      | Found Xuytyiph's Jewellery Emporium.
  4292 | D:6      | Found Tufistri's Weapon Boutique.
  4359 | D:6      | Reached **** piety under Trog
  4415 | D:6      | Found Qylibawn's Assorted Antiques.
  4420 | D:6      | Bought a viscous brown potion for 27 gold pieces
  4420 | D:6      | Bought a scroll labeled YSEMIB NUMIE for 30 gold pieces
  4420 | D:6      | Bought a scroll labeled QEPHUM SUTIASH for 30 gold pieces
  4420 | D:6      | Bought a scroll labeled QEALUUVVEM for 30 gold pieces
  4491 | D:6      | Reached skill level 13 in Maces & Flails
  4618 | D:6      | Found Atamess's Distillery.
  4638 | D:6      | Found a shimmering altar of Xom.
  4776 | D:6      | Found a sacrificial altar of Ru.
  5009 | D:7      | Reached XP level 9. HP: 25/71 MP: 8/8
  5064 | D:7      | Reached skill level 14 in Maces & Flails
  5171 | D:7      | Reached ***** piety under Trog
  5254 | D:7      | Found Vediopocs's Jewellery Emporium.
  5295 | D:7      | Reached skill level 15 in Maces & Flails
  5360 | D:7      | Found Zin's Purification Station.
  5361 | D:7      | Found a glowing silver altar of Zin.
  5886 | D:8      | Received a gift from Trog
  5898 | D:8      | Got a crude bardiche {god gift}
  5902 | D:8      | Identified the +4 bardiche "Nimutouph" {holy, rF+ rN+ Str+3 SInv} (Trog gifted it to you on level 8 of the Dungeon)
  5954 | D:8      | Reached skill level 16 in Maces & Flails
  5995 | D:8      | Noticed a two-headed ogre
  5998 | D:8      | Killed a two-headed ogre
  5998 | D:8      | Reached skill level 1 in Throwing
  5998 | D:8      | Reached skill level 1 in Unarmed Combat
  5998 | D:8      | Reached skill level 1 in Spellcasting
  5998 | D:8      | Reached skill level 1 in Evocations
  5998 | D:8      | Reached XP level 10. HP: 74/79 MP: 10/10
  6238 | D:8      | Reached skill level 5 in Fighting
  6588 | D:9      | Noticed a two-headed ogre
  6595 | D:9      | Killed a two-headed ogre
  6595 | D:9      | Reached skill level 5 in Armour
  7047 | D:9      | Noticed Pikel
  7055 | D:9      | Killed Pikel
  7055 | D:9      | Reached XP level 11. HP: 77/95 MP: 11/11
  7154 | D:10     | Entered Level 10 of the Dungeon
  7198 | D:10     | Received a gift from Trog
  7451 | D:10     | Found a staircase to the Lair.
  7514 | D:10     | Reached skill level 10 in Fighting
  7739 | D:10     | Noticed Revguard's ghost (novice SpAs)
  7791 | D:10     | Cast into level 2 of the Abyss (Revguard's ghost)
  7885 | Abyss:2  | Noticed a shining eye
  7885 | Abyss:2  | Gained mutation: You expend magic power (3 MP) to strengthen your wands. [a shining eye]
  7887 | Abyss:2  | Noticed an Executioner
  7898 | Abyss:2  | Slain by an Executioner

Skill      XL: |  1  2  3  4  5  6  7  8  9 10 11 |
---------------+----------------------------------+-----
Maces & Flails | 4 5 7 9 11 13 16 | 16.0
Fighting       | 4 8 10 | 10.1
Throwing       | 1 |  1.5
Unarmed Combat | 1 |  1.7
Spellcasting   | 1 |  1.0
Evocations     | 1 |  1.3
Armour         | 7 8 |  8.3
Dodging        | 3 |  3.0
Stealth        | |  0.2

Action                   |  1- 3 |  4- 6 |  7- 9 | 10-12 || total
-------------------------+-------+-------+-------+-------++-------
Melee: Mace              |    76 |    77 |   164 |       ||   317
       Headbutt          |     9 |     9 |    59 |    41 ||   118
       Eveningstar       |       |       |   212 |   249 ||   461
       Punch             |       |       |       |     3 ||     3
Invok: Berserk           |     1 |     2 |     3 |     1 ||     7
       Trog's Hand       |     1 |     1 |     3 |     3 ||     8
       Burn Spellbooks   |       |       |     3 |     2 ||     5
       Brothers in Arms  |       |       |       |     1 ||     1
  Use: Scroll            |       |     4 |     9 |    10 ||    23
       Potion            |       |       |     2 |       ||     2
 Stab: Sleeping          |     1 |       |       |       ||     1
       Invisible         |       |       |     1 |       ||     1
  Eat: Chunk             |     3 |     3 |    14 |     8 ||    28
       Ration            |       |     1 |       |       ||     1
Armor: Animal skin       |    16 |    10 |       |       ||    26
       Plate armour      |       |    33 |   200 |   145 ||   378
       Leather armour    |       |       |     1 |       ||     1
Dodge: Dodged            |    54 |    27 |   111 |    80 ||   272
